 Dungeon Crawl Stone Soup version 0.22-a0-553-g9358b0b (webtiles) character file.

1284 Cogwerth the Charlatan (level 8, -1/58 HPs)
             Began as a Human Artificer on June 25, 2018.
             Shot with an arrow by a centaur (6 damage)
             ... on level 5 of the Dungeon.
             The game lasted 01:50:33 (6922 turns).

Cogwerth the Charlatan (Human Artificer)            Turns: 6922, Time: 01:50:33

Health: -1/58      AC: 10    Str: 15    XL:     8   Next: 85%
Magic:  12/12      EV: 10    Int: 12    God:
Gold:   267        SH:  3    Dex: 13    Spells: 12/12 levels left

rFire    . . .     SeeInvis .   B - +2 flail (protect)
rCold    . . .     Gourm    .   (no shield)
rNeg     . . .     Faith    .   a - +1 scale mail
rPois    .         Spirit   .   (no helmet)
rElec    .         Reflect  +   (no cloak)
rCorr    .         Harm     .   h - +2 pair of gloves
MR       +....                  (no boots)
Stlth    ..........             t - +3 amulet of reflection
HPRegen  0.19/turn              o - ring of protection from magic
MPRegen  0.13/turn              (no ring)

@: heavily drained
A: no striking features
a: no special abilities


You were on level 5 of the Dungeon.
You were not hungry.

You visited 1 branch of the dungeon, and saw 5 of its levels.

You collected 267 gold pieces.

Inventory:

Hand Weapons
 b - a +0 shortbow
 f - a +0 mace of venom
 i - a +0 hunting sling
 m - a +2 vampiric short sword
 n - a +0 arbalest
 q - a +3 dagger
 B - a +2 flail of protection (weapon)
 F - a cursed +3 spear
 G - a +2 war axe
Missiles
 g - 153 stones (quivered)
 l - 42 sling bullets
 r - 82 arrows
 u - 15 bolts
 w - 13 poisoned needles
Armour
 a - a +1 scale mail (worn)
 h - a +2 pair of gloves (worn)
 C - a +1 robe of resistance
Magical Staves
 A - an uncursed staff of air
Jewellery
 o - a ring of protection from magic (left hand)
 t - a +3 amulet of reflection (around neck)
Wands
 c - a wand of flame (5)
 d - a wand of enslavement (11)
 e - a wand of random effects (9)
Scrolls
 j - 2 scrolls of teleportation
 s - a scroll of fear {unknown}
 v - 2 scrolls of immolation
 y - a scroll of remove curse
 D - a scroll of enchant weapon
Potions
 k - 3 potions of invisibility
 p - a potion of agility {unknown}
 z - a potion of curing
 E - a potion of haste {unknown}
Comestibles
 x - 2 rations


   Skills:
 + Level 3.3(1.6) Fighting
 + Level 3.4(1.7) Short Blades
 - Level 2.0(0.7) Slings
 + Level 1.5(0.0) Crossbows
 - Level 1.8(0.6) Throwing
 + Level 3.6(1.9) Armour
 + Level 3.9(2.2) Dodging
 - Level 1.0(0.0) Stealth
 + Level 2.6(0.9) Spellcasting
 * Level 5.9(4.0) Evocations


You had 12 spell levels left.
You didn't know any spells.
Your spell library was empty.

Dungeon Overview and Level Annotations

Branches:
Dungeon (5/15)
 Temple: D:4-7

Altars:
Ru
Trog
Yredelemnul


Message History

The centaur misses you.
You hit the centaur.
The centaur is heavily wounded.
The centaur barely misses you. You block the centaur's attack.
You barely miss the centaur.
The centaur is heavily wounded.
The centaur hits you.
* * * LOW HITPOINT WARNING * * *
The centaur hits you but does no damage.
The centaur wields an uncursed shortbow.
The centaur shoots an arrow.
The arrow barely misses you.
The centaur shoots an arrow.
The arrow hits you but does no damage.
You see here an arrow.
The centaur shoots an arrow.
The arrow hits you.
* * * LOW HITPOINT WARNING * * *
The centaur shoots an arrow.
The arrow hits you but does no damage.
You see here 2 arrows.
The centaur shoots an arrow.
The arrow barely misses you.
The centaur shoots an arrow.
The arrow hits you.
You die...

..........^<.##.####
...###.......##....#
...# ##.#######.##.#
...# #.# #.# # ...#
#.# ##[##.# #### #.#
#.....# #.# #(.####
#.. #..###### ##.
#..@..(.##
##...((.(# #.......#
#..####c######.#
#.)##..........#
#.....##(#######
#.#### #(#
#......#(# #.
#....(#


You could see a centaur.

Vanquished Creatures
  Grinder (D:4)
  A phantom (D:4)
  2 ogres (D:4)
  A centaur (D:5)
  A scorpion (D:4)
  5 wights
  A centaur zombie (D:5)
  A bullfrog zombie (D:5)
  2 hounds
  3 orc priests
  2 worker ants (D:4)
  A hound zombie (D:5)
  A hound skeleton (D:5)
  4 adders
  2 oozes (D:3)
  2 worms
  3 dart slugs
  A leopard gecko (D:5)
  18 orcs
  A ball python (D:4)
  5 giant cockroaches
  8 goblins
  11 hobgoblins
  3 jackals (D:1)
  8 kobolds
  A quokka (D:4)
  5 bats
  5 frilled lizards
  5 rats
104 creatures vanquished.

Vanquished Creatures (collateral kills)
  An ogre (D:4)
  A frilled lizard (D:1)
2 creatures vanquished.

Grand Total: 106 creatures vanquished

Notes
Turn   | Place    | Note
-------+----------+-------------------------------------------
     0 | D:1      | Cogwerth the Human Artificer began the quest for the Orb.
     0 | D:1      | Reached XP level 1. HP: 15/15 MP: 3/3
   207 | D:1      | Reached XP level 2. HP: 15/21 MP: 4/4
   567 | D:1      | Reached XP level 3. HP: 25/26 MP: 5/5
   936 | D:2      | Reached skill level 1 in Throwing
  1125 | D:2      | Found a sacrificial altar of Ru.
  1144 | D:2      | Reached skill level 1 in Armour
  1213 | D:2      | Reached XP level 4. HP: 11/32 MP: 6/6
  2037 | D:2      | Reached XP level 5. HP: 36/37 MP: 7/7
  2569 | D:3      | Noticed Grinder
  2575 | D:3      | Paralysed by Grinder for 2 turns
  2607 | D:3      | Paralysed by Grinder for 4 turns
  3083 | D:3      | Paralysed by Grinder for 7 turns
  3540 | D:3      | Found a basalt altar of Yredelemnul.
  3941 | D:3      | Found a sacrificial altar of Ru.
  4514 | D:4      | Noticed an ogre
  4523 | D:4      | Killed an ogre
  4523 | D:4      | Reached skill level 4 in Evocations
  4523 | D:4      | Reached XP level 6. HP: 44/44 MP: 7/9
  4567 | D:4      | Paralysed by Grinder for 4 turns
  4583 | D:4      | Paralysed by Grinder for 7 turns
  4600 | D:4      | Paralysed by Grinder for 6 turns
  4617 | D:4      | Killed Grinder
  4617 | D:4      | Reached skill level 1 in Slings
  4617 | D:4      | Reached skill level 1 in Spellcasting
  4617 | D:4      | Reached XP level 7. HP: 19/50 MP: 10/10
  5350 | D:4      | Reached skill level 5 in Evocations
  5508 | D:4      | Reached XP level 8. HP: 33/57 MP: 11/11
  6148 | D:5      | Entered Level 5 of the Dungeon
  6196 | D:5      | Found a bloodstained altar of Trog.
  6294 | D:5      | Reached skill level 1 in Crossbows
  6922 | D:5      | Shot with an arrow by a centaur

Vault maps used:
D:1:      minmay_arrival_plants_in_alcoves, minmay_pentomino_s2
D:2:      nicolae_ru_the_path_less_chosen
D:3:      overflow_temple_1_default, lemuel_tele_altar, uniq_grinder
D:4:      first_ration
D:5:      lemuel_crystal_altar, serial_undead, serial_undead_f, serial_undead_b,
          serial_undead_f, serial_undead_f, uniq_blork_the_orc,
          uniq_prince_ribbit1

Skill      XL: |  1  2  3  4  5  6  7  8 |
---------------+-------------------------+-----
Throwing       | 1 |  1.8
Armour         | 1 2 3 |  3.6
Evocations     | 4 5 |  5.9
Fighting       | 2 3 |  3.3
Short Blades   | 2 3 |  3.4
Slings         | 1 2 |  2.0
Dodging        | 3 |  3.9
Spellcasting   | 1 2 |  2.6
Crossbows      | 1 |  1.5
Stealth        | |  1.0

Action                   |  1- 3 |  4- 6 |  7- 9 || total
-------------------------+-------+-------+-------++-------
Melee: Short sword       |   111 |   216 |   100 ||   427
       Flail             |       |       |   113 ||   113
 Fire: Hunting sling     |       |     4 |       ||     4
       Arbalest          |       |       |    11 ||    11
Throw: Stone             |    67 |   108 |    36 ||   211
Evoke: Wand              |     3 |     9 |     8 ||    20
  Use: Scroll            |     6 |     4 |     2 ||    12
       Potion            |       |       |     2 ||     2
 Stab: Paralysed         |       |     8 |       ||     8
  Eat: Ration            |     1 |     4 |     2 ||     7
       Chunk             |       |     1 |     1 ||     2
Armor: Leather armour    |     9 |       |       ||     9
       Ring mail         |    12 |       |       ||    12
       Scale mail        |    15 |    74 |   102 ||   191
Dodge: Dodged            |    60 |    90 |   120 ||   270
Block: Other             |       |       |    19 ||    19

Table legend:
 A = Spawn XP
 B = Non-spawn XP
 C = Spawn XP percentage of total XP
 D = Spawn monster count
 E = Non-spawn monster count
 F = Spawn count percentage of total count
 G = Total turns spent on level
                    A         B        C        D         E        F      G
               +---------+---------+-------+---------+---------+-------+---------
         Total |       0 |    1835 |   0.0 |       0 |     106 |   0.0 |  6922
               +---------+---------+-------+---------+---------+-------+---------
           D:1 |       0 |      57 |   0.0 |       0 |      25 |   0.0 |  1632
           D:2 |       0 |     104 |   0.0 |       0 |      21 |   0.0 |  1526
           D:3 |       0 |      77 |   0.0 |       0 |      24 |   0.0 |  1355
           D:4 |       0 |     984 |   0.0 |       0 |      19 |   0.0 |  1844
           D:5 |       0 |     613 |   0.0 |       0 |      17 |   0.0 |   565
               +---------+---------+-------+---------+---------+-------+---------
